 Dungeon Crawl Stone Soup version 0.19.1 (webtiles) character file.

175 GordonOverkill the Conjurer (level 5, -2/28 HPs)
             Began as a Deep Elf Conjurer on Dec 16, 2016.
             Shot with an arrow by a centaur (10 damage)
             ... on level 4 of the Dungeon.
             The game lasted 00:08:16 (3768 turns).

GordonOverkill the Conjurer (Deep Elf Conjurer)     Turns: 3768, Time: 00:08:17

Health: -2/28      AC:  2    Str:  5    XL:     5   Next: 29%
Magic:  10/13      EV: 14    Int: 21    God:
Gold:   83         SH:  0    Dex: 15    Spells: 2 memorised, 9 levels left

rFire  . . .     SeeInvis .     i - +1 whip (venom)
rCold  . . .     Gourm    .     a - +0 robe
rNeg   . . .     Faith    .     (no shield)
rPois  .         Spirit   .     (no helmet)
rElec  .         Reflect  .     (no cloak)
rCorr  .         Harm     .     (no gloves)
MR     .....                    (no boots)
Stlth  ++........               (no amulet)
                                (no ring)
                                (no ring)

@: no status effects
A: no striking features
a: no special abilities


You were on level 4 of the Dungeon.
You were hungry.

You visited 1 branch of the dungeon, and saw 4 of its levels.

You collected 83 gold pieces.

Inventory:

Hand Weapons
 i - a +1 whip of venom (weapon)
Armour
 a - a +0 robe (worn)
Scrolls
 e - a scroll of teleportation
Potions
 d - 2 potions of curing
 g - a potion of might
 j - 2 potions of ambrosia
 k - a potion of invisibility {unknown}
 l - 3 potions of flight
 o - a potion of resistance {unknown}
 p - a potion of magic {unknown}
 q - a potion of heal wounds {unknown}
Books
 b - a book of Conjurations

   Spells                             Type                      Level
   a - Magic Dart                     Conjuration                  1
   b - Searing Ray                    Conjuration                  2
   c - Dazzling Spray                 Conjuration/Hexes            3
   d - Fulminant Prism                Conjuration/Hexes            4
   e - Iskenderun's Mystic Blast      Conjuration                  4
   f - Iskenderun's Battlesphere      Conjuration/Charms           5
Comestibles
 c - 5 bread rations
 f - 2 meat rations
 h - 6 fruits
 m - 4 chunks of flesh


   Skills:
 + Level 3.8 Dodging
 - Level 2.4 Stealth
 + Level 4.2 Spellcasting
 * Level 6.2 Conjurations


You had 9 spell levels left.
You knew the following spells:

 Your Spells              Type           Power        Failure   Level  Hunger
a - Magic Dart            Conj           ####         1%          1    None
b - Searing Ray           Conj           ####..       1%          2    #......


Dungeon Overview and Level Annotations

Branches:
Dungeon (4/15)
 Temple: D:4-7

Altars:
Qazlal


Message History

The centaur shouts!
The centaur wields a shortbow.
The centaur shoots an arrow.
The arrow hits you!
Casting: Magic Dart
Confirm with . or Enter, or press ? or * to list all spells.
Aiming: Magic Dart
Press: ? - help, Shift-Dir - straight line, f/p - centaur
Aim: a centaur, wielding a shortbow (lightly wounded)
The magic dart hits the centaur.
The centaur is lightly wounded.
The centaur shoots an arrow.
The arrow hits you!
* * * LOW HITPOINT WARNING * * *
Casting: Magic Dart
Confirm with . or Enter, or press ? or * to list all spells.
Aiming: Magic Dart
Press: ? - help, Shift-Dir - straight line, f/p - centaur
Aim: a centaur, wielding a shortbow (lightly wounded)
The magic dart hits the centaur.
The centaur is moderately wounded.
The centaur shoots an arrow.
The arrow hits you!
You die...

..... ..... ......
.. ..c.# ..# #....#
...# ########....#
...###...........##
#..........(.....#
#.........@.....##
##.......<...%.##
##..<.........#
###.........##
###.##....#
##....(.# #.....#
#....# #.#


You could see a centaur.

Vanquished Creatures
  A worker ant (D:3)
  5 adders
  An ooze (D:3)
  3 worms
  2 dart slugs
  3 leopard geckos
  9 orcs (D:3)
  8 giant cockroaches
  8 hobgoblins
  3 jackals (D:2)
  6 kobolds
  2 quokkas
  11 bats
  9 frilled lizards
  5 goblins
  6 rats
82 creatures vanquished.

Notes
Turn   | Place    | Note
-------+----------+-------------------------------------------
     0 | D:1      | GordonOverkill the Deep Elf Conjurer began the quest for the Orb.
     0 | D:1      | Reached XP level 1. HP: 10/10 MP: 6/6
   531 | D:1      | Reached XP level 2. HP: 15/15 MP: 4/8
  1101 | D:2      | Learned a level 2 spell: Searing Ray
  1193 | D:2      | Reached skill level 5 in Conjurations
  1272 | D:2      | Reached XP level 3. HP: 16/19 MP: 3/9
  1507 | D:2      | Found a stormy altar of Qazlal.
  1768 | D:2      | Reached XP level 4. HP: 24/24 MP: 5/11
  3216 | D:3      | Found a faded altar of an unknown god.
  3246 | D:3      | Reached skill level 6 in Conjurations
  3246 | D:3      | Reached XP level 5. HP: 28/28 MP: 8/13
  3763 | D:4      | Noticed a centaur
  3768 | D:4      | Shot with an arrow by a centaur

Skill      XL: |  1  2  3  4 |
---------------+-------------+-----
Conjurations   | 5 6 |  6.2
Dodging        | 3 |  3.8
Spellcasting   | 4 |  4.2
Stealth        | |  2.4

Action                   |  1- 3 |  4- 6 || total
-------------------------+-------+-------++-------
Melee: Whip              |       |     5 ||     5
 Cast: Magic Dart        |    66 |    95 ||   161
       Searing Ray       |     1 |     4 ||     5
  Use: Scroll            |       |     8 ||     8
  Eat: Chunk             |     2 |     6 ||     8
Armor: Robe              |     2 |       ||     2
Dodge: Dodged            |     6 |    11 ||    17
